Map: Lost and Found LE

Players

YuNIK

  • Race: Protoss Protoss
  • League: Platinum
  • Spawn Location: 7:00

ILIEKEGGPIE - Winner!

  • Race: Protoss Protoss
  • League: Platinum
  • Spawn Location: 1:00

VOD

Have the link to the VOD?

Description

Time

  • Played on: May 18, 2018, 11:26 a.m.
  • Length: 3:25
Show
View Real Time Build Order
Export as new Build Order

YuNIK Protoss 

Build Orders:  

Get SALT Encoding   

  12  0:02  Probe  
  14  0:14  Probe  
  14  0:19  Pylon  
  14  0:29  Probe  
  15  0:41  Probe  
  15  0:42  Gateway  
  16  0:48  Assimilator  
  16  0:55  Assimilator  
  16  0:56  Probe  
  17  1:05  Probe  
  18  1:13  Probe  
  19  1:25  Probe  
  19  1:31  Zealot  
  22  1:41  Probe  
  22  1:44  Cybernetics Core  
  23  2:27  Pylon  
  23  2:31  Pylon  
  23  2:33  Pylon  
  23  2:43  Pylon  
  23  2:45  Probe  
  24  2:57  Probe  
  25  3:06  Forge  
Show
View Real Time Build Order
Export as new Build Order

ILIEKEGGPIE Protoss - Winner!

Build Orders:  

Get SALT Encoding   

  12  0:01  Probe  
  13  0:13  Probe  
  14  0:19  Pylon  
  14  0:26  Probe  
  15  0:34  Probe  
  15  0:42  Gateway, Probe  
  17  0:52  Probe  
  17  0:53  Assimilator  
  18  1:04  Probe  
  19  1:16  Probe  
  20  1:28  Probe  
  20  1:31  Pylon  
  21  1:37  Cybernetics Core  
  21  1:38  Probe  
  21  1:43  Assimilator  
  21  1:46  Probe  
  23  2:00  Gateway  
  23  2:06  Probe  
  23  2:14  Probe  
  23  2:15  Stalker  
  27  2:24  Robotics Facility  
  27  2:30  Pylon  
  27  2:44  Stalker  
  27  2:46  Stalker  
  31  2:51  Shield Battery  
  31  2:57  Shield Battery  
Tags
 
Matchup
PvP
Replay Pack
Multi
Spawn Locations
Cross Positions
Add a new tag
Caveats
  • Supply blocks, unpowered buildings, or Contaminate may cause inaccurate times.
  • Supply counts are checked every 10 seconds.